 Dungeon Crawl Stone Soup version 0.24.0-37-gcf1ca852f1 (webtiles) character file.

Game seed: 13723368562790555304, levelgen mode: deterministic

20624 McKennaii the Cleaver (level 12, -6/98 HPs)
             Began as a Demonspawn Fighter on Nov 30, 2019.
             Was an Elder of Makhleb.
             Mangled by a yak (7 damage)
             ... on level 13 of the Dungeon.
             The game lasted 00:37:22 (16659 turns).

McKennaii the Cleaver (Demonspawn Fighter)         Turns: 16659, Time: 00:37:22

Health: -6/98      AC: 15    Str: 25    XL:     12   Next: 47%
Magic:  0/12       EV:  8    Int:  8    God:    Makhleb [****..]
Gold:   409        SH: 11    Dex: 14    Spells: 11/11 levels left

rFire    . . .     SeeInvis .   E - +0 broad axe
rCold    . . .     Gourm    .   c - +0 shield
rNeg     . . .     Faith    .   q - +0 chain mail
rPois    .         Spirit   +   (no helmet)
rElec    .         Reflect  .   b - +0 cloak
rCorr    .         Harm     .   (no gloves)
MR       .....                  (no boots)
Stlth    ..........             h - amulet of magic regeneration
HPRegen  0.26/turn              (no ring)
MPRegen  0.51/turn              (no ring)

@: mighty, studying Throwing
A: hooves 2, rugged brown scales 3, demonic guardian 1, dopey 1, magic shield,
magic regeneration
a: Minor Destruction, Lesser Servant of Makhleb, Major Destruction, Renounce
Religion


You were on level 13 of the Dungeon.
You worshipped Makhleb.
Makhleb was greatly pleased with you.
You were hungry.

You visited 2 branches of the dungeon, and saw 14 of its levels.

You collected 731 gold pieces.
You spent 322 gold pieces at shops.

Inventory:

Hand Weapons
 E - a +0 broad axe (weapon)
Armour
 b - a +0 cloak (worn)
 c - a +0 shield (worn)
 q - a +0 chain mail (worn)
Jewellery
 h - an amulet of magic regeneration (around neck)
Wands
 v - a wand of paralysis (10)
 w - a wand of acid (6)
 B - a wand of random effects (14)
 G - a wand of enslavement (13)
 J - a wand of flame (17)
Scrolls
 d - a scroll of random uselessness {unknown}
 e - 11 scrolls of identify
 i - 6 scrolls of teleportation
 j - a scroll of immolation
 k - 6 scrolls of remove curse
 l - 6 scrolls of magic mapping {unknown}
 m - 2 scrolls of enchant armour {unknown}
 n - 5 scrolls of amnesia {unknown}
 o - 5 scrolls of fog {unknown}
 r - 3 scrolls of enchant weapon {unknown}
 t - 2 scrolls of blinking {unknown}
 x - a scroll of acquirement {unknown}
 y - a scroll of noise {unknown}
 A - a scroll of torment {unknown}
 C - a scroll of brand weapon {unknown}
Potions
 a - 2 potions of mutation {unknown}
 g - a potion of magic
 p - 2 potions of lignification {unknown}
 s - 2 potions of curing
 u - 4 potions of agility
 z - 2 potions of degeneration {unknown}
 D - a potion of ambrosia {unknown}
 I - 2 potions of cancellation {unknown}
Books
 H - a manual of Throwing
Comestibles
 f - 16 rations


   Skills:
 + Level 8.1 Fighting
 * Level 14.0 Axes
 + Level 8.3 Armour
 + Level 2.4 Dodging
 + Level 2.9 Stealth
 + Level 6.8 Shields


You had 11 spell levels left.
You didn't know any spells.
Your spell library contained the following spells:

 Spells                   Type           Power        Failure   Level  Hunger
 Summon Small Mammal      Summ           #...         100%        1    ##.....
 Portal Projectile        Hex/Tloc       #.....       100%        3    ####...
 Recall                   Summ/Tloc      N/A          100%        3    ####...
 Passage of Golubria      Tloc           N/A          100%        4    #####..
 Bolt of Magma            Conj/Fire/Erth #.........   100%        5    ######.
 Iskenderun's Battlesphe  Conj/Chrm      #.......     100%        5    ######.
 Venom Bolt               Conj/Pois      #.........   100%        5    ######.
 Iron Shot                Conj/Erth      #.........   100%        6    #######
 Orb of Destruction       Conj           #.........   100%        7    #######
 Spellforged Servitor     Conj/Summ      #.........   100%        7    #######
 Dragon's Call            Summ           #.........   100%        9    #######


Dungeon Overview and Level Annotations

Branches:
Dungeon (13/15)            Temple (1/1) D:6            Lair (0/6) D:10
    Orc (0/2) D:12
 Vaults: D:13-14

Altars:
Ashenzari
Cheibriados
Dithmenos
Elyvilon
Fedhas
Gozag
Hepliaklqana
Kikubaaqudgha
Makhleb
Nemelex Xobeh
Okawaru
Qazlal
Ru
Sif Muna
Trog
Uskayaw
Vehumet
Wu Jian
Xom
Yredelemnul
Zin
The Shining One

Shops:
D:7 !   D:10 [

Annotations:
D:5 3 runed translucent doors, barcode's ghost, amateur GnEE


Innate Abilities, Weirdness & Mutations

You have hoof-like feet.
You are completely covered in rugged brown scales. (AC +3, +7% HP)
A weak demonic guardian rushes to your aid.
When hurt, damage is shared between your health and your magic reserves.
You regenerate magic rapidly.
You are dopey. (Int -2)


Message History

You miss the vampire mosquito. You barely miss the vampire mosquito.
You slash the yak!
Your shield and chain mail prevent you from hitting the yak.
You block the vampire mosquito's attack.
The vampire mosquito barely misses you. The yaktaur captain hits you.
* * * LOW HITPOINT WARNING * * *
You block the yak's attack. The yak gores you!
* * * LOW HITPOINT WARNING * * *
The vampire mosquito barely misses you.
You block the vampire mosquito's attack.
You slice the yaktaur captain!!
You kick the yaktaur captain, but do no damage.
The yaktaur captain is almost dead.
You miss the vampire mosquito. You slice the vampire mosquito!!
You completely miss the yak. You hit the yak.
You block the vampire mosquito's attack. x2
The yaktaur captain hits you.
* * * LOW HITPOINT WARNING * * *
The yak gores you but does no damage. The yak gores you!
You die...

#.# #.# #.#
#.#####.#####........
#...........#.###.###
#.#####(###.#.#
#...(.....#.# #
#.#...###.TY.
#.#.#.#(..# ...
##....cY(..###....
......y@Y.......
.###.#y##.##.#.#
....c .....# #.#.##
###### y... ... ...
##.


You could see a yaktaur captain, a yaktaur, 2 yaks and 2 vampire mosquitoes.

Vanquished Creatures
  Harold (D:11)
  The ghost of P0WERM0DE the Fiendish, a novice DDFi of Makhleb (D:10)
  A two-headed ogre (D:13)
  A centaur warrior (D:13)
  2 unseen horrors
  An ugly thing (D:12)
  A deep elf mage (D:12)
  A cyclops (D:11)
  An elephant (D:10)
  A gargoyle (D:11)
  A yaktaur (D:13)
  A kobold demonologist (D:12)
  An efreet (D:13)
  2 trolls
  2 hornets
  3 hippogriffs
  A meliai zombie (D:11)
  2 shadows
  A wraith (D:10)
  A vampire (D:10)
  13 yaks
  2 basilisks
  2 hungry ghosts
  A vampire mosquito (D:13)
  A soldier ant (D:12)
  6 orc warriors
  A hornet zombie (D:11)
  5 ice beasts
  2 black bears
  3 necrophages
  An eye of draining (D:6)
  4 sky beasts
  7 ogres
  6 centaurs
  4 phantoms
  A crocodile (D:10)
  2 big kobolds (D:12)
  2 wyvern zombies
  5 gnoll sergeants (D:12)
  4 bullfrogs
  6 scorpions
  A wight (D:11)
  21 killer bees
  3 electric eels (D:8)
  5 howler monkeys
  2 bullfrog zombies (D:11)
  3 crimson imps
  A spectral bullfrog (D:10)
  10 hounds
  3 centaur zombies
  2 bullfrog skeletons
  A jelly (D:9)
  A centaur skeleton (D:9)
  4 orc priests
  9 orc wizards
  3 iguanas
  9 worker ants
  A killer bee zombie (D:10)
  A hound zombie (D:6)
  A mummy (D:11)
  A worker ant zombie (D:7)
  A howler monkey zombie (D:6)
  11 adders
  12 gnolls
  2 shadow imps (D:11)
  5 worms
  2 adder skeletons (D:9)
  4 dart slugs
  4 leopard geckos
  51 orcs
  12 bats
  12 giant cockroaches
  14 goblins
  9 hobgoblins
  23 jackals
  3 quokkas
  2 ball pythons
  11 frilled lizards
  A giant cockroach zombie (D:5)
  A jackal skeleton (D:4)
  10 kobolds
  6 rats
  3 plants (D:8)
385 creatures vanquished.

Vanquished Creatures (collateral kills)
  A troll (D:9)
  A hippogriff (D:10)
  A wyvern (D:8)
  Menkaure (D:5)
  An orc warrior (D:12)
  3 sky beasts
  A necrophage (D:11)
  An eye of draining (D:12)
  A phantom (D:10)
  A scorpion (D:5)
  3 killer bees
  A gnoll shaman (D:8)
  3 hounds
  2 orc wizards
  A worker ant (D:5)
  A hound skeleton (D:5)
  A mummy (D:10)
  2 gnolls
  An adder (D:10)
  An adder skeleton (D:8)
  A leopard gecko (D:9)
  5 orcs
  4 jackals
38 creatures vanquished.

Vanquished Creatures (others)
  3 yaks (D:9)
  2 hungry ghosts
  An orc warrior (D:8)
  A bullfrog (D:8)
  A scorpion (D:10)
  A killer bee (D:9)
  An iguana (D:9)
10 creatures vanquished.

Grand Total: 433 creatures vanquished

Notes
Turn   | Place    | Note
-------+----------+-------------------------------------------
     0 | D:1      | McKennaii the Demonspawn Fighter began the quest for the
                  | Orb.
     0 | D:1      | Reached XP level 1. HP: 18/18 MP: 1/1
    80 | D:1      | Gained mutation: A weak demonic guardian rushes to your
                  | aid. [demonic ancestry]
    80 | D:1      | Reached XP level 2. HP: 21/24 MP: 2/2
   183 | D:1      | Reached skill level 2 in Axes
   358 | D:1      | Gained mutation: When hurt, damage is shared between your
                  | health and your magic reserves. [demonic ancestry]
   358 | D:1      | Reached XP level 3. HP: 24/29 MP: 3/3
   935 | D:2      | Found an ancient bone altar of Kikubaaqudgha.
   935 | D:2      | Found a sacrificial altar of Ru.
  1255 | D:2      | Gained mutation: You are partially covered in rugged brown
                  | scales. (AC +1, +3% HP) [demonic ancestry]
  1255 | D:2      | Reached XP level 4. HP: 19/36 MP: 2/4
  2282 | D:3      | Reached skill level 3 in Axes
  2321 | D:3      | Gained mutation: You have large cloven feet. [demonic
                  | ancestry]
  2321 | D:3      | Reached XP level 5. HP: 23/42 MP: 3/5
  3663 | D:5      | Entered Level 5 of the Dungeon
  3692 | D:5      | Reached skill level 4 in Axes
  3764 | D:5      | Reached XP level 6. HP: 33/49 MP: 6/6
  3874 | D:5      | Noticed Menkaure
  3879 | D:5      | Killed Menkaure
  4329 | D:5      | Found a basalt altar of Yredelemnul.
  4340 | D:5      | Found a runed translucent gate.
  4342 | D:5      | Found a runed translucent gate.
  4354 | D:5      | Reached skill level 5 in Axes
  4365 | D:5      | Found a runed translucent gate.
  4387 | D:5      | Noticed a sky beast
  4392 | D:5      | Killed a sky beast
  4392 | D:5      | Gained mutation: You have hoof-like feet. [demonic
                  | ancestry]
  4392 | D:5      | Reached XP level 7. HP: 49/55 MP: 7/7
  4481 | D:5      | Noticed barcode's ghost (amateur GnEE)
  5089 | D:6      | Reached skill level 6 in Axes
  5283 | D:6      | Reached skill level 1 in Dodging
  5405 | D:6      | Reached XP level 8. HP: 51/62 MP: 8/8
  5408 | D:6      | Found a staircase to the Ecumenical Temple.
  5435 | D:6      | Reached skill level 1 in Stealth
  5445 | Temple   | Entered the Ecumenical Temple
  5687 | D:6      | Reached skill level 7 in Axes
  5880 | D:7      | Reached skill level 5 in Armour
  6213 | D:7      | Reached skill level 8 in Axes
  6498 | D:7      | Found Kienupus's Distillery.
  6503 | D:7      | Bought 2 potions of heal wounds for 140 gold pieces
  6503 | D:7      | Bought a potion of curing for 42 gold pieces
  6503 | D:7      | Bought a potion of heal wounds for 70 gold pieces
  6503 | D:7      | Bought a potion of heal wounds for 70 gold pieces
  6579 | D:7      | Gained mutation: You regenerate magic rapidly. [demonic
                  | ancestry]
  6579 | D:7      | Reached XP level 9. HP: 26/67 MP: 4/9
  7157 | D:7      | Identified the Disquisition on Twisted Creation
  7513 | D:8      | Reached skill level 9 in Axes
  7570 | D:8      | Found a bloodstained altar of Trog.
  7570 | D:8      | Found a burning altar of Makhleb.
  7570 | D:8      | Found a glowing golden altar of the Shining One.
  7585 | D:8      | Became a worshipper of Makhleb the Destroyer
  7619 | D:8      | Reached skill level 5 in Fighting
  7957 | D:9      | Reached skill level 10 in Axes
  7997 | D:9      | Noticed a troll
  8007 | D:9      | Reached * piety under Makhleb
  8022 | D:9      | Killed a troll
  8022 | D:9      | Reached skill level 5 in Shields
  8022 | D:9      | Reached XP level 10. HP: 27/76 MP: 7/10
  9136 | D:9      | Reached skill level 11 in Axes
  9806 | D:10     | Entered Level 10 of the Dungeon
  9941 | D:10     | Gained mutation: You are dopey. (Int -2) [mutagenic glow]
  9955 | D:10     | Paralysed by a hornet for 2 turns
  9955 | D:10     | Noticed an elephant
 10189 | D:10     | Found a staircase to the Lair.
 10233 | D:10     | Killed an unseen horror
 10388 | D:10     | Found Liqeuw's Armour Shop.
 10494 | D:10     | Found a transporter.
 10648 | D:10     | Gained mutation: You are mostly covered in rugged brown
                  | scales. (AC +2, +5% HP) [demonic ancestry]
 10648 | D:10     | Reached XP level 11. HP: 78/85 MP: 11/11
 10682 | D:10     | Reached ** piety under Makhleb
 10773 | D:10     | Found a transporter.
 10773 | D:10     | Noticed P0WERM0DE's ghost (novice DDFi)
 11941 | D:8      | Reached skill level 12 in Axes
 13594 | D:11     | Reached *** piety under Makhleb
 13735 | D:11     | Killed an unseen horror
 13746 | D:11     | Noticed Harold
 13791 | D:11     | Killed Harold
 13846 | D:11     | Reached skill level 13 in Axes
 14448 | D:8      | Found a shimmering altar of Xom.
 15006 | D:10     | Killed P0WERM0DE's ghost
 15076 | D:12     | Noticed a brown ugly thing
 15609 | D:12     | Gained mutation: You are completely covered in rugged brown
                  | scales. (AC +3, +7% HP) [demonic ancestry]
 15609 | D:12     | Reached XP level 12. HP: 88/97 MP: 12/12
 15753 | D:12     | Reached **** piety under Makhleb
 16045 | D:12     | Found a staircase to the Orcish Mines.
 16434 | D:13     | Noticed a seven-headed hydra
 16568 | D:13     | Noticed a two-headed ogre
 16584 | D:13     | Killed a two-headed ogre
 16636 | D:13     | Noticed a centaur warrior
 16650 | D:13     | Killed a centaur warrior
 16650 | D:13     | Reached skill level 14 in Axes
 16651 | D:13     | Noticed a yaktaur captain
 16658 | D:13     | HP: 1/98 [yak (7)]
 16659 | D:13     | Mangled by a yak

Levels and vault maps discovered:
D:1:      tarquinn_simple_flora_water_a, layout_basic
D:2:      layout_basic, chequers_temple_overflow_statue_of_worship,
          first_ration, minmay_misc_feat_doors, minmay_between
D:3:      layout_basic, minivault_4
D:4:      layout_layer_cave
D:5:      layout_basic, yredelemnul_altar_generic, gammafunk_ghost_icy,
          uniq_menkaure
D:6:      layout_loops_ring, minmay_temple_entry_wispy
D:7:      layout_basic, serial_shops, kennysheep_little_box, minmay_puff
D:8:      layout_loops_ring, nicolae_overflow_hidden_temple,
          gammafunk_temple_overflow_forgotten, serial_bayou,
          serial_bayou_pond_c, serial_bayou_pond_b, serial_bayou_shore_a,
          serial_bayou_pond_b
D:9:      layout_layer_cave
D:10:     layout_loops_corners, david_lair_generic, serial_shops, shop,
          gammafunk_ghost_mausoleum
D:11:     layout_loops_ring, serial_undead, serial_undead_c, serial_undead_b,
          serial_undead_a, serial_undead_d, grunt_pizzeria,
          minmay_misc_feat_chi, uniq_harold
D:12:     layout_gridville, kennysheep_orc_monster_closet_entryway
D:13:     layout_loops_ring, david_vaults_2, grunt_ministairs_14
Temple:   nicolae_temple_no_exploring_needed

Skill      XL: |  1  2  3  4  5  6  7  8  9 10 11 12 |
---------------+-------------------------------------+-----
Axes           | 2 3 4 5 6 8 10 11 13 14 | 14.0
Armour         | 3 4 5 6 7 8 |  8.3
Shields        | 3 4 5 6 |  6.8
Fighting       | 4 5 6 7 8 |  8.1
Dodging        | 1 2 |  2.4
Stealth        | 1 2 |  2.9

Action                   |  1- 3 |  4- 6 |  7- 9 | 10-12 || total
-------------------------+-------+-------+-------+-------++-------
Melee: War axe           |   166 |   233 |   287 |       ||   686
       Kick              |       |    23 |   103 |   261 ||   387
       Hand axe          |       |       |   113 |   126 ||   239
       Broad axe         |       |       |       |   729 ||   729
Evoke: Wand              |       |       |       |     4 ||     4
  Use: Potion            |       |       |     4 |     9 ||    13
       Scroll            |       |       |     4 |     1 ||     5
 Stab: Distracted        |       |     1 |     4 |     7 ||    12
  Eat: Chunk             |     1 |     7 |    13 |    11 ||    32
       Ration            |       |     1 |     1 |     7 ||     9
Armor: Scale mail        |   113 |    70 |       |       ||   183
       Chain mail        |       |    68 |   198 |   443 ||   709
Dodge: Dodged            |    67 |    86 |    92 |   207 ||   452
Block: Shield            |   118 |   148 |   177 |   409 ||   852
